 Dungeon Crawl Stone Soup version 0.22.1-1-ga44c0e5 (webtiles) character file.

99 Irenicus the Charlatan (level 4, -2/38 HPs)
             Began as a Deep Dwarf Artificer on Oct 6, 2018.
             Slain by a gnoll
             ... wielding a +0 whip
              (4 damage)
             ... on level 2 of the Dungeon.
             The game lasted 00:04:42 (674 turns).

Irenicus the Charlatan (Deep Dwarf Artificer)        Turns: 674, Time: 00:04:42

Health: -2/38      AC:  3    Str: 15    XL:     4   Next: 45%
Magic:  7/7        EV: 12    Int: 12    God:
Gold:   42         SH:  0    Dex: 14    Spells: 3/3 levels left

rFire    . . .     SeeInvis .   k - +6 whip
rCold    . . .     Gourm    .   (no shield)
rNeg     + . .     Faith    .   b - +0 leather armour
rPois    .         Spirit   .   (no helmet)
rElec    .         Reflect  .   (no cloak)
rCorr    .         Harm     .   (no gloves)
MR       .....                  (no boots)
Stlth    ++........             (no amulet)
HPRegen  0.00/turn              g - ring of positive energy {rN+}
MPRegen  0.10/turn              (no ring)

@: non-regenerating
A: damage resistance, heal wounds, sense surroundings 1, no regeneration
a: Heal Wounds


You were on level 2 of the Dungeon.
You were not hungry.

You visited 1 branch of the dungeon, and saw 2 of its levels.

You collected 42 gold pieces.

Inventory:

Hand Weapons
 a - a +0 short sword
 k - a +6 whip (weapon)
   (You took it off a kobold on level 1 of the Dungeon)
Armour
 b - a +0 leather armour (worn)
Jewellery
 g - a ring of positive energy (left hand) {rN+}
   (You found it on level 1 of the Dungeon)
Wands
 c - a wand of flame (14)
 d - a wand of enslavement (14)
 e - a wand of random effects (9)
Scrolls
 i - a scroll of identify {unknown}
 j - 2 scrolls of fear {unknown}
 m - a scroll of remove curse {unknown}
 o - a scroll of noise {unknown}
 p - a scroll of fog {unknown}
 s - a scroll of random uselessness {unknown}
 t - a scroll of magic mapping {unknown}
Potions
 h - a potion of berserk rage {unknown}
 l - a potion of degeneration {unknown}
 n - a potion of agility {unknown}
 q - a potion of mutation {unknown}
 r - a potion of lignification {unknown}
Comestibles
 f - 3 rations


   Skills:
 - Level 1.0 Fighting
 - Level 1.0 Short Blades
 + Level 2.8 Maces & Flails
 - Level 2.1 Dodging
 - Level 4.0 Stealth
 - Level 4.0 Evocations


You had 3 spell levels left.
You didn't know any spells.
Your spell library was empty.

Dungeon Overview and Level Annotations

Branches:
Dungeon (2/15)

Altars:
Cheibriados


Innate Abilities, Weirdness & Mutations

You are resistant to damage.
You can heal yourself by infusing magical energy.
You passively map a small area around you.
You do not regenerate.


Message History

You see here a club.
A rat comes into view.
You see here a scroll labeled FIBLICH KO BEJ.
s - a scroll labeled FIBLICH KO BEJ You see here 19 arrows.
An adder comes into view.
You closely miss the adder. The adder bites you but does no damage.
The adder closely misses you.
You barely miss the adder. The adder bites you.
You are poisoned.
The adder poisons you!
You whack the adder! The adder barely misses you.
The rat bites you but does no damage.
You whack the rat!
You kill the rat!
The adder misses you. The adder barely misses you.
You hit the adder.
You kill the adder!
A centaur zombie comes into view.
You hit the centaur zombie. The centaur zombie barely misses you.
The centaur zombie hits you.
You take 4 damage, and have 25/31 hp.
You hit the centaur zombie. The centaur zombie closely misses you.
You whack the centaur zombie! The centaur zombie hits you. x2
You take 1 damage, and have 24/31 hp.
You hit the centaur zombie. The centaur zombie misses you.
You hit the centaur zombie. The centaur zombie hits you!
You take 5 damage, and have 19/31 hp.
You whack the centaur zombie!
You destroy the centaur zombie!
Your Maces & Flails skill increases to level 2!
You have reached level 4!
You feel clever.
You are no longer poisoned.
You regained 5 hp, and now have 24/38 hp.
MP restored: 7 A rat comes into view.
The helpless rat fails to defend itself.
You hit the rat.
You kill the rat!
You see here a ration.
f - 3 rations (gained 1)
A goblin comes into view. It is wielding a dagger of venom.
You see here a scroll labeled GUGREPROEKK.
t - a scroll labeled GUGREPROEKK The helpless goblin fails to defend itself.
You hit the goblin.
You kill the goblin!
Things that are here:
a dagger of venom; a goblin corpse As you open the door, it creaks loudly!
A frilled lizard comes into view.
The frilled lizard hisses angrily.
The frilled lizard misses you.
There is an open door here.
You barely miss the frilled lizard.
The frilled lizard completely misses you.
You hit the frilled lizard.
You kill the frilled lizard!
You see here a frilled lizard corpse.
You open the door.
There is an open door here.
You open the door.
There is an open door here.
There is a stone staircase leading down here.
A gnoll comes into view. It is wielding a whip.
You see here a ring mail.
A giant cockroach and a gnoll come into view.
Found a snail-covered altar of Cheibriados.
A gnoll comes into view. It is wielding a whip of flaming.
The giant cockroach barely misses you.
The giant cockroach bites you but does no damage.
You whack the giant cockroach!
You kill the giant cockroach!
A gnoll comes into view.
The gnoll shouts! x3
The gnoll shouts!
You hit the gnoll. The gnoll barely misses you.
You hit the gnoll. You barely miss the gnoll. You hit the gnoll.
The gnoll barely misses you.
You whack the gnoll!
The gnoll hits you with a whip of flaming!
The gnoll burns you.
You take 5 damage, and have 19/38 hp.
You closely miss the gnoll. You closely miss the gnoll.
The gnoll closely misses you. The gnoll barely misses you.
You hit the gnoll.
You kill the gnoll!
The gnoll hits you with a whip!
* * * LOW HITPOINT WARNING * * *
You take 11 damage, and have 8/38 hp.
MASSIVE DAMAGE!!
You closely miss the gnoll. The gnoll barely misses you.
You hit the gnoll. The gnoll hits you with a whip!
* * * LOW HITPOINT WARNING * * *
You take 6 damage, and have 2/38 hp.
You hit the gnoll. You hit the gnoll. The gnoll hits you with a whip.
You die...

## ,...# ... ...#
##.##*#..# #
##.....##..#
#.#.......#..#
*#.#.......#..#
#....%._..ggg.######
,
#..#.......#@.......
+ ,
#..#.......#....##..
,, #..##.....##....#
####..####.####....#
#...............†..#
, **
#.#................#*
,, ,
#.#....[..#..##..###
*+ * ,* ,
##.#.......#..#...##*
,
.#.#..>.............
, ,


You could see 3 gnolls.

Vanquished Creatures
  A centaur zombie (D:2)
  A gnoll (D:2)
  An adder (D:2)
  An ooze (D:1)
  4 giant cockroaches
  4 goblins
  6 hobgoblins
  3 jackals (D:1)
  5 kobolds (D:1)
  4 bats
  3 frilled lizards
  7 rats
40 creatures vanquished.

Vanquished Creatures (collateral kills)
  A leopard gecko (D:1)
  A hobgoblin (D:1)
2 creatures vanquished.

Grand Total: 42 creatures vanquished

Notes
Turn   | Place    | Note
-------+----------+-------------------------------------------
     0 | D:1      | Irenicus the Deep Dwarf Artificer began the quest for the
                  | Orb.
     0 | D:1      | Reached XP level 1. HP: 16/16 MP: 3/3
    56 | D:1      | Reached skill level 1 in Fighting
    56 | D:1      | Reached skill level 1 in Short Blades
    86 | D:1      | HP: 2/18 [something (3)]
    94 | D:1      | Reached skill level 2 in Stealth
   114 | D:1      | Reached XP level 2. HP: 10/25 MP: 5/5
   120 | D:1      | Reached skill level 3 in Stealth
   185 | D:1      | HP: 6/25 [goblin/club (3)]
   191 | D:1      | HP: 4/25 [goblin (2)]
   273 | D:1      | HP: 2/25 [jackal (2)]
   284 | D:1      | Reached XP level 3. HP: 15/31 MP: 6/6
   290 | D:1      | HP: 6/31 [hobgoblin/club (2)]
   295 | D:1      | Reached skill level 4 in Stealth
   525 | D:2      | HP: 2/31 [hobgoblin/club (4)]
   534 | D:2      | Reached skill level 1 in Maces & Flails
   576 | D:2      | Reached skill level 2 in Maces & Flails
   576 | D:2      | Reached XP level 4. HP: 24/38 MP: 7/7
   651 | D:2      | Found a snail-covered altar of Cheibriados.
   670 | D:2      | HP: 8/38 [gnoll/whip (11)]
   672 | D:2      | HP: 2/38 [gnoll/whip (6)]
   674 | D:2      | Slain by a gnoll

Skill      XL: |  1  2  3 |
---------------+----------+-----
Fighting       | 1 |  1.0
Short Blades   | 1 |  1.0
Stealth        | 2 3 4 |  4.0
Maces & Flails | 2 |  2.8
Dodging        | |  2.1
Evocations     | |  4.0

Action                   |  1- 3 |  4- 6 || total
-------------------------+-------+-------++-------
Melee: Short sword       |    69 |       ||    69
       Whip              |    42 |    17 ||    59
 Abil: Heal Wounds       |     3 |       ||     3
Evoke: Wand              |     8 |       ||     8
 Stab: Sleeping          |     2 |     2 ||     4
       Paralysed         |     1 |       ||     1
Armor: Leather armour    |    53 |     1 ||    54
Dodge: Dodged            |   106 |     8 ||   114

Vault maps used:
D:1:      eino_arrival_water_cross, minmay_split_cup_large
D:2:      old_standard_altar

Table legend:
 A = Turns spent in this place as a percentage of turns spent in the entire game.
 B = Non-inter-level travel turns spent in this place as a percentage of non-inter-level travel turns spent in the entire game.
 C = Inter-level travel turns spent in this place as a percentage of turns spent in this place.
 D = Turns resting spent in this place as a percentage of non-inter-level travel turns spent in this place.
 E = Turns spent auto-exploring this place as a percentage of non-inter-level travel turns spent in this place.
 F = Non-inter-level travel turns spent in this place divided by the number of levels of this place that you've seen.
                   A       B       C       D       E      F
               +-------+-------+-------+-------+-------+----------------------
         Total | 100.0 | 100.0 |   1.3 |   0.0 |   0.0 | 332.5
       Dungeon | 100.0 | 100.0 |   1.3 |   0.0 |   0.0 | 332.5
               +-------+-------+-------+-------+-------+----------------------

Table legend:
 A = Kills in this place as a percentage of kills in entire the game.
 B = Kills by you in this place as a percentage of kills by you in the entire game.
 C = Kills by friends in this place as a percentage of kills by friends in the entire game.
 D = Other kills in this place as a percentage of other kills in the entire game.
 E = Experience gained in this place as a percentage of experience gained in the entire game.
 F = Experience gained in this place divided by the number of levels of this place that you have seen.
                   A       B       C       D       E      F
               +-------+-------+-------+-------+-------+----------------------
         Total | 100.0 | 100.0 | 100.0 |   N/A | 100.0 |  71.0
       Dungeon | 100.0 | 100.0 | 100.0 |   N/A | 100.0 |  71.0
               +-------+-------+-------+-------+-------+----------------------
